[Event "Early-Titled-Tuesday-Blitz-April-16-2024"]
[Site "Chess.com"]
[Date "2024.04.16"]
[Round "5"]
[White "andrew-blr"]
[Black "PLAYER_2006_M"]
[Result "0-1"]
[WhiteElo "2660"]
[BlackElo "2975"]
[TimeControl "180+1"]
[EndTime "8:57:43 PDT"]
[Termination "PLAYER_2006_M won on time"]

1. d4 e6 2. c4 b6 3. Nc3 Bb7 4. f3 Bb4 5. a3 Bxc3+ 6. bxc3 Ne7 7. e4 f5 8. e5 O-O 9. f4 Nbc6 10. Nf3 Na5 11.
Bd3 Ba6 12. Qe2 Qc8 13. Be3 d5 14. c5 Bxd3 15. Qxd3 Nc4 16. O-O bxc5 17. dxc5 Nc6 18. Bd4 Rb8 19. Rf2 h6 20. h3 Rb3 21. a4 Qd7 22.
Kh1 Qf7 23. Rg1 Qh5 24. Qf1 Rfb8 25. Kh2 a5 26. g4 fxg4 27. Rxg4 Ne7 28. Nh4 Rb2 29.
Qg2 Rxf2 30. Bxf2 Qf7 31. f5 Nxf5 32. Nxf5 exf5 33. e6 Qe7 34. Bh4 Qf8 35. Qxd5 Ne3 36. e7+ Nxd5 37. exf8=Q+ Kxf8 38. Rd4 c6 39. c4 Nb4 40.
Rd7 g5 41. Bf2 Re8 42. Bd4 Re4 43. Bg7+ Ke8 44. Ra7 h5 45. Rxa5 Rxc4 46. Bh6 g4 47. Ra8+ Kf7 48. a5 f4 49. a6 Rc2+ 50. Kg1 Ra2 51.
Bxf4 Rxa6 52. Rh8 Nd5 53. Bd6 Kg6 54. hxg4 hxg4 55. Kg2 Kf5 56. Rf8+ Ke4 57. Kg3 Ra1 58. Kxg4 Rg1+ 59. Kh3 Rd1 60. Rc8 Kf3 61. Rf8+ Ke4 62.
Rc8 Rh1+ 63. Kg2 Rh6 64. Rxc6 Ne3+ 65. Kf2 Rg6 66. Rc8 Rg2+ 67. Ke1 Kd3 0-1

[Event "Early-Titled-Tuesday-Blitz-April-16-2024"]
[Site "Chess.com"]
[Date "2024.04.16"]
[Round "5"]
[White "atalz0"]
[Black "Evgeny81"]
[Result "1-0"]
[WhiteElo "2463"]
[BlackElo "2764"]
[TimeControl "180+1"]
[EndTime "8:57:53 PDT"]
[Termination "atalz0 won by resignation"]

1. d4 e6 2. c4 f5 3. g3 Nf6 4.
Bg2 Be7 5. Nh3 O-O 6. O-O d6 7. Nc3 e5 8. dxe5 dxe5 9. Qxd8 Rxd8 10. Nd5 Nxd5 11. Bxd5+ Kf8 12. Ng5 Bxg5 13. Bxg5 Rd6 14.
Rfd1 Nd7 15. Be3 a5 16. c5 Rg6 17. Bxb7 Bxb7 18. Rxd7 Rc8 19. Rad1 Ke8 20. R7d3 Bc6 21.
Ra3 a4 22. b3 f4 23. Bc1 axb3 24. axb3 f3 25. Re1 Re6 26. Ra6 fxe2 27. Rxe2 Kf7 28.
Bb2 Rd8 29. Re1 Rd2 30. Bc3 Rd3 31. Ba1 Rxb3 32. f4 e4 33. f5 Rh6 34. g4 Bd5 35.
Rxh6 gxh6 36. Bd4 h5 37. g5 Rd3 38. Be3 Ra3 39. Kf2 Ra2+ 40. Kg3 h4+ 41. Kh3 c6 42. Bf4 Rf2 43. Kg4 h3 44. Bg3 Rf3 45.
Kxh3 Rb3 46. Kg4 e3 47. Kf4 Kg7 48. Rxe3 Rb4+ 49. Ke5 Rc4 50. Kd6 Kf7 51. Re7+ Kf8 52. Be5 Rh4 53. Bg7+ Kg8 54. f6 Rxh2 55. Re8+ Kf7 56.
Rf8+ Kg6 57. Bh6 Rd2 58. Rc8 Bh1+ 59. Kc7 Re2 60. Rd8 Re5 61. Kd6 Rf5 62. Rg8+ Kf7 63.
Rg7+ Ke8 64. Re7+ Kd8 65. Rf7 Rd5+ 66. Ke6 Rxc5 67. Rf8+ Kc7 68. f7 Bd5+ 69. Kf6 Bxf7 70. Rxf7+ Kb6 71. Rxh7 Rc2 72. Kg6 c5 73. Rf7 c4 74.
Kg7 Rg2 75. g6 c3 76. Rf3 c2 77. Rc3 Kb5 78. Rc8 Kb4 79. Kh7 Kb3 80. g7 Kb2 81.
g8=Q Rxg8 82. Rxg8 c1=Q 83. Bxc1+ 1-0

[Event "Early-Titled-Tuesday-Blitz-April-16-2024"]
[Site "Chess.com"]
[Date "2024.04.16"]
[Round "5"]
[White "kleber2007"]
[Black "GoltsevDmitry2000"]
[Result "1/2-1/2"]
[WhiteElo "2592"]
[BlackElo "2776"]
[TimeControl "180+1"]
[EndTime "8:57:54 PDT"]
[Termination "Game drawn by stalemate"]

1. Nf3 d5 2. g3 c6 3. Bg2 Nf6 4. c4 g6 5. b3 Bg7 6. Bb2 O-O 7. O-O Nbd7 8. Qc2 e6 9. d3 Re8 10. Nbd2 Qe7 11. e4 dxe4 12. dxe4 e5 13. a3 a5 14. Rac1 Nh5 15. c5 Nf8 16. b4 axb4 17. axb4 f6 18. Nc4 Rd8 19. Nd6 Be6 20. Nd2 b5 21. Ra1 Bh6 22. Bc3 Ng7 23. Qb2 Ne8 24. f4 Nxd6 25.
Rxa8 Rxa8 26. cxd6 Qxd6 27. fxe5 fxe5 28. Nf3 Ra2 29.
Bxe5 Qd3 30. Qc3 Qe2 31. Nh4 Qe3+ 32. Qxe3 Bxe3+ 33. Kh1 Bc4 34. Rd1 Be2 35. Re1 Bf2 36. Rc1 Bc4 37. Bf1 Be3 38. Rxc4 Rf2 39. Bd3 bxc4 40.
Bxc4+ Rf7 41. Nf3 Nd7 42. Bd6 Nb6 43. Be6 Kg7 44. Be5+ Rf6 45. Bxf6+ Kxf6 46. Bg4 Nc4 47. e5+ Nxe5 48. Nxe5 Kxe5 49. Bf3 Kd6 50. Be2 Bd2 51.
b5 c5 52. Bc4 Ke5 53. Kg2 Kd4 54. Be2 Ba5 55. Kf3 Bb6 56. Bd1 c4 57. Bc2 Kc3 58. Be4 Kd2 59. h4 c3 60. g4 c2 61. Bxc2 Kxc2 62. h5 g5 63. Ke4 Kc3 64. Kf5 Bd8 65.
b6 Bxb6 66. Kxg5 Be3+ 67. Kf6 h6 68. Kf5 Kd3 69. g5 Bxg5 70. Kg4 Ke2 71. Kh3 Kf1 72. Kh2 Be3 73. Kh1 Ke2 74. Kh2 Kd3 75. Kh1 Ke4 76. Kh2 Kf5 77. Kh1 Kg4 78. Kh2 Kxh5 79. Kh1 Kg4 80.
Kh2 Bf4+ 81. Kh1 Kh4 82. Kg1 Kh3 83. Kh1 h5 84. Kg1 h4 85. Kh1 Be3 1/2-1/2

[Event "Early-Titled-Tuesday-Blitz-April-16-2024"]
[Site "Chess.com"]
[Date "2024.04.16"]
[Round "5"]
[White "Herzog2012"]
[Black "ValentunHulka"]
[Result "0-1"]
[WhiteElo "2532"]
[BlackElo "2797"]
[TimeControl "180+1"]
[EndTime "8:57:58 PDT"]
[Termination "ValentunHulka won on time"]

1. e4 c5 2. Nf3 Nc6 3. d4 cxd4 4. Nxd4 Nf6 5. Nc3 e5 6. Ndb5 d6 7. Nd5 Nxd5 8. exd5 Ne7 9. c3 Nf5 10. a4 g6 11. Bd3 Bg7 12. O-O O-O 13. f4 a6 14. Na3 exf4 15. Bxf4 Qb6+ 16. Rf2 Ne3 17. Bxe3 Qxe3 18. Nc4 Qc5 19. b4 Qc7 20. Qd2 Bd7 21. a5 Bb5 22. Nb6 Qxc3 23. Qxc3 Bxc3 24. Rc1 Bxb4 25. Bxb5 axb5 26. Nxa8 Rxa8 27. Kf1 Bc5 28. Ra2 b4 29. Rb1 Ra6 30. Raa1 Bd4 31. Ra4 Bc3 32. Ke2 b6 33. axb6 Rxb6 34. Kd3 Rb5 35. Ke4 f5+ 36.
Kf3 Rxd5 37. Ra8+ Kg7 38. Ra7+ Kh6 39. Rc1 Rd3+ 40. Ke2 Rd2+ 41. Kf3 d5 42. Rd7 d4 43. Rd8 b3 44. Rb8 b2 45. Rb1 Rc2 46. h4 Rc1 47. R8xb2 Bxb2 48. Rxb2 Rc3+ 49. Kf4 Kh5 50. Rb7 h6 51. g3 Rc1 52. Rd7 Rf1+ 53. Ke5 Re1+ 54. Kf4 Re4+ 55. Kf3 g5 56. hxg5 hxg5 57. Rd6 g4+ 58.
Kf2 Kg5 59. Kg2 Re2+ 60. Kf1 Rd2 61. Ke1 Rd3 62. Kf2 Rf3+ 63. Kg2 d3 64. Rd8 Re3 65. Rd6 Re2+ 66. Kf1 Rd2 67. Ke1 Re2+ 68. Kf1 Re3 69.
Kf2 Rf3+ 70. Kg2 Kh5 71. Rd5 Kg6 72. Rd6+ Kf7 73. Kg1 Ke7 74. Rd5 Ke6 75. Rd4 Ke5 76.
Rd8 Ke4 0-1

[Event "Early-Titled-Tuesday-Blitz-April-16-2024"]
[Site "Chess.com"]
[Date "2024.04.16"]
[Round "5"]
[White "Josgar05"]
[Black "sathvikadiga"]
[Result "1-0"]
[WhiteElo "2447"]
[BlackElo "2580"]
[TimeControl "180+1"]
[EndTime "8:58:02 PDT"]
[Termination "Josgar05 won by checkmate"]

1. Nf3 Nf6 2. b3 g6 3. Bb2 Bg7 4. g3 O-O 5. c4 d6 6. d4 Nc6 7. Bg2 e5 8. dxe5 Nd7 9. O-O Ndxe5 10. Nc3 Nxf3+ 11. Bxf3 Bh3 12. Re1 Qd7 13. Qd2 Rfe8 14. Rad1 Rad8 15. Nd5 Ne5 16. Bh1 c6 17. Nc3 Ng4 18.
Ne4 Qf5 19. Bxg7 Kxg7 20. Qd4+ Kg8 21. f3 Ne5 22. Nxd6 Qe6 23. c5 Rd7 24. Qh4 Red8 25. g4 Bxg4 26. fxg4 b6 27. Rf1 bxc5 28. Rf6 Qxg4+ 29.
Qxg4 Nxg4 30. Rf4 Ne5 31. Re4 f6 32. Ra4 Rxd6 33. Rxd6 Rxd6 34. Rxa7 Rd1+ 35. Kg2 Ra1 36. h3 h5 37. Kh2 Re1 38. Bf3 h4 39. Kg2 Ra1 40.
a4 f5 41. Ra5 Rc1 42. b4 Nc4 43. Rxc5 Ne3+ 44. Kf2 Nd1+ 45. Ke1 Rxc5 46. bxc5 Nc3 47. a5 Nb5 48. Bxc6 Na7 49. Be8 Kf8 50. Bxg6 f4 51. Be4 Ke7 52. Kf2 Ke6 53. Kf3 Ke5 54. Bb7 Nb5 55. a6 Nd4+ 56. Kf2 Nb5 57. Bc6 Na7 58.
Bd7 Kd5 59. Kf3 Kxc5 60. Kxf4 Kb6 61. Kg5 Kxa6 62. Kxh4 Kb6 63. Kg5 Kc7 64. Ba4 Kd6 65. Kg6 Ke7 66. Kg7 Nc8 67. h4 Nd6 68. h5 Nf5+ 69. Kg6 Nh4+ 70. Kg5 Ng2 71. Bc6 Ne3 72. h6 Kf7 73. Be4 Nd1 74. Bc2 Nc3 75. Bb3+ Kf8 76. Kg6 Nxe2 77. h7 Nf4+ 78. Kh6 Ke7 79.
h8=Q Nd3 80. Qh7+ Kd6 81. Qxd3+ Kc5 82. Qc4+ Kb6 83. Kg5 Kb7 84. Qc5 Ka6 85. Qb4 Ka7 86. Qb5 Ka8 87. Kf6 Ka7 88. Ke6 Ka8 89. Kd7 Ka7 90. Kc7 Ka8 91. Qa6# 1-0

[Event "Early-Titled-Tuesday-Blitz-April-16-2024"]
[Site "Chess.com"]
[Date "2024.04.16"]
[Round "5"]
[White "AlexKhripachenko"]
[Black "dropstoneDP"]
[Result "1/2-1/2"]
[WhiteElo "2836"]
[BlackElo "3062"]
[TimeControl "180+1"]
[EndTime "8:58:06 PDT"]
[Termination "Game drawn by repetition"]

1. e4 e5 2. Nf3 Nf6 3. Nxe5 d6 4. Nf3 Nxe4 5. d3 Nf6 6. d4 d5 7. Bd3 Bd6 8. O-O O-O 9. Bg5 Bg4 10. c3 h6 11. Bh4 Re8 12. Nbd2 Nbd7 13. Qc2 c6 14. h3 Bxf3 15. Nxf3 Qc7 16. Rfe1 g5 17. Nxg5 hxg5 18. Bxg5 Bf4 19. Bh4 Kg7 20. Bf5 Rh8 21. g3 Rxh4 22. gxh4 Rh8 23. Re7 Bd6 24. Re3 Nf8 25. Kh1 Rxh4 26.
Rg1+ Kh8 27. Rf3 Qe7 28. Qc1 Ne4 29. Rg4 Rxg4 30. Qh6+ Kg8 31. hxg4 Qg5 32. Qxg5+ Nxg5 33. Re3 Nfe6 34. Kg2 Kg7 35. Kf1 a5 36. Ke1 Bf4 37. Re2 a4 38. Kd1 Kf6 39. Kc2 Nf3 40. b3 axb3+ 41. axb3 Nexd4+ 42. cxd4 Nxd4+ 43. Kd3 Nxe2 44. Kxe2 Ke5 45. Bc8 b5 46. Bd7 Kd6 47. Be8 f6 48.
Kd3 Kc7 49. f3 Kb6 50. Bf7 Kc5 51. Be8 Kb6 52. Bf7 Bc1 53. Kc3 Kc7 54. Be8 Kd6 55.
Kd3 b4 56. Bf7 Bg5 57. Bg8 Ke5 58. Bf7 Kf4 59. Ke2 Bh4 60. Bg8 Ke5 61. Kd3 Kf4 62.
Ke2 Bg3 63. Bf7 Bh2 64. Bg8 Bg1 65. Bf7 Bb6 66. Bg8 Ba7 67. Bf7 Bb6 68. Bg8 Ke5 69.
Kd3 Bd8 70. Bf7 Be7 71. Bg8 f5 72. gxf5 Kxf5 73. Bf7 Ke5 74. Be8 Kd6 75. f4 Bh4 76. f5 Bf6 77. Bf7 Ke5 78. Be6 Be7 79. Ke3 c5 80. Kd3 Bg5 81. Bf7 Bf6 82. Be6 d4 83. Bc4 Kxf5 84. Bb5 Be7 85. Bc4 Kf4 86. Bb5 Kf3 87.
Bc4 Kf2 88. Bd5 Ke1 89. Bc4 Kd1 90. Bd5 Kc1 91. Bc4 Kb2 92. Bd5 Bf8 93. Bc4 Be7 94.
Bd5 Bf8 95. Bc4 Be7 1/2-1/2

[Event "Early-Titled-Tuesday-Blitz-April-16-2024"]
[Site "Chess.com"]
[Date "2024.04.16"]
[Round "5"]
[White "Juicy_Fork"]
[Black "IshviAggarwal"]
[Result "1-0"]
[WhiteElo "2501"]
[BlackElo "2134"]
[TimeControl "180+1"]
[EndTime "8:58:07 PDT"]
[Termination "Juicy_Fork won by resignation"]

1. e4 c5 2. Nf3 Nc6 3. Bb5 Nd4 4.
Bc4 e6 5. O-O Ne7 6. c3 Nxf3+ 7. Qxf3 d5 8. exd5 exd5 9. Bb5+ Bd7 10. Bxd7+ Qxd7 11. Re1 O-O-O 12. Qxf7 g6 13. d4 Nf5 14.
Qxd7+ Rxd7 15. Bf4 Be7 16. Nd2 Rf8 17. Nb3 cxd4 18.
cxd4 Nxd4 19. Nxd4 Rxf4 20. Rac1+ Kb8 21. Ne6 Rf7 22. a4 b6 23. Nd4 Bc5 24. Nf3 Rde7 25. Rxe7 Rxe7 26. Kf1 Kb7 27. a5 Re4 28. axb6 axb6 29.
g3 Rb4 30. Rc2 Rb3 31. Kg2 d4 32. Rd2 Rb4 33. Ng5 h5 34. Ne6 Kc6 35. Nf4 g5 36. Nxh5 Rb3 37. f4 d3 38. Kf3 Bb4 39.
Rd1 d2+ 40. Ke2 gxf4 41. Nxf4 Rxb2 42. h4 Kd6 43. h5 Ra2 44. h6 Ra8 45. h7 Bc3 46.
Ng6 Ke6 47. Rxd2 Kf7 48. Rd6 Ra6 49. h8=Q Bxh8 50. Nxh8+ Ke7 51. Rg6 Ra2+ 52. Kf3 Rb2 53. Rh6 b5 54. Ng6+ Kf6 55. Nf4+ Kg7 56. Rg6+ Kf7 57.
Rb6 b4 58. Rb7+ Kf6 59. Nd5+ Kg5 60. Rxb4 Rd2 61. Rg4+ Kf5 62. Ne3+ Kf6 63. Rf4+ Kg5 64. g4 Kg6 65. Rb4 Kg5 66. Rb5+ Kg6 67. Kf4 Rd4+ 68. Kg3 Re4 69. Kf3 Rd4 70. Ng2 Rc4 71. Nf4+ Kf6 72.
g5+ Kg7 73. Kg4 Rd4 74. Rb7+ Rd7 75. Rxd7+ Kf8 1-0

[Event "Early-Titled-Tuesday-Blitz-April-16-2024"]
[Site "Chess.com"]
[Date "2024.04.16"]
[Round "5"]
[White "Bilan_Danila"]
[Black "MikhailBLR"]
[Result "1-0"]
[WhiteElo "2531"]
[BlackElo "2325"]
[TimeControl "180+1"]
[EndTime "8:58:09 PDT"]
[Termination "Bilan_Danila won on time"]

1. d4 Nf6 2. Nf3 c5 3. e3 cxd4 4. exd4 d5 5. Bd3 Nc6 6. h3 g6 7. c3 Bf5 8. O-O Bxd3 9. Qxd3 Bg7 10. Bf4 O-O 11. Nbd2 Rc8 12. Rfe1 a6 13. a4 Qb6 14. b4 e6 15. a5 Qd8 16. Ne5 Na7 17. Nb3 Nd7 18. Nxd7 Qxd7 19. Nc5 Qc6 20. h4 Nb5 21.
h5 Rfd8 22. Re3 Nd6 23. Rae1 Ne4 24. Rh3 b6 25. axb6 Qxb6 26. Nxe4 dxe4 27. Qxe4 a5 28. bxa5 Qxa5 29. Qe3 Rd5 30. hxg6 hxg6 31. Bh6 Bf6 32. Bf4 Rf5 33. g3 Rxc3 34. Qd2 Qa3 35. Kh2 Rd3 36. Qc2 Rxd4 37. Qc8+ Qf8 38. Qxf8+ Kxf8 39. Rb1 Kg7 40. Be3 Rd3 41. Bh6+ Kg8 42. Rb8+ Rd8 43. Rb2 g5 44. Rc2 Rfd5 45. Kg2 Be7 46. f4 f6 47. fxg5 fxg5 48. Rh5 Kf7 49. Rf2+ Kg6 50. Rh1 Rh8 51. Bxg5 Rxh1 52.
Bxe7 Rhd1 53. Kh3 Rf5 54. Ra2 Rd7 55. Bh4 Rdf7 56. Ra8 Rd5 57. Re8 Kf5 58. Rg8 e5 59.
g4+ Ke4 60. g5 Kf5 61. g6 Rc7 62. g7 Kg6 63. Bg3 Rxg7 64. Re8 Rh7+ 65. Kg4 Kf6 66. Rf8+ Ke6 67. Re8+ Re7 68. Rg8 Rd4+ 69. Kf3 Kd5 70.
Bf2 Rd3+ 71. Ke2 e4 72. Rd8+ Kc4 73. Rc8+ Kb3 74. Be3 Rh7 75. Rb8+ Kc4 76. Rc8+ Kd5 77.
Rd8+ Ke5 78. Re8+ Kf5 79. Rf8+ Ke6 80. Re8+ Re7 81. Rf8 Ke5 82. Bf4+ Kd4 83. Rd8+ Kc3 84. Be3 Ra7 85. Bxa7 1-0

[Event "Early-Titled-Tuesday-Blitz-April-16-2024"]
[Site "Chess.com"]
[Date "2024.04.16"]
[Round "5"]
[White "jumpingknight20"]
[Black "MrChampion_Coach"]
[Result "1-0"]
[WhiteElo "2739"]
[BlackElo "2566"]
[TimeControl "180+1"]
[EndTime "8:58:14 PDT"]
[Termination "jumpingknight20 won on time"]

1. Nf3 Nf6 2. g3 g6 3. Bg2 Bg7 4. O-O O-O 5. c4 c6 6. Nc3 a5 7. d4 d6 8. Re1 Na6 9. Rb1 Be6 10. d5 cxd5 11. cxd5 Bf5 12. e4 Bg4 13. h3 Bxf3 14.
Bxf3 Nc5 15. Be3 Nfd7 16. Nb5 a4 17. Bg2 Qa5 18. Nd4 Rfc8 19. f3 Ne5 20. Bf1 Na6 21.
Rc1 Qb4 22. Rc2 Rxc2 23. Nxc2 Qxb2 24. f4 Nf3+ 25. Qxf3 Qxc2 26. Re2 Qb1 27. h4 Rc8 28. Kh2 Nc5 29. e5 Qe4 30. Qxe4 Nxe4 31. Bd4 dxe5 32.
fxe5 f5 33. exf6 Nxf6 34. Rxe7 Ng4+ 35. Kh3 Bxd4 36. Kxg4 Bc5 37. Rxb7 Rd8 38. Bc4 Bd6 39. Rb6 Kg7 40. h5 Kf6 41. hxg6 Kxg6 42. Kf3 Kf6 43.
Ke4 Re8+ 44. Kd4 Rd8 45. Bd3 h5 46. Be2 Kg5 47. Rb7 Bxg3 48. Rg7+ Kh4 49. Rh7 Bf2+ 50. Ke4 Re8+ 51. Kd3 Re5 52. d6 Rd5+ 53. Ke4 Rxd6 54. Rxh5+ Kg3 55. Rg5+ Kh2 56. Bf3 Bg3 57. Rh5+ Kg1 58.
Rh1+ Kf2 59. Bg4 Rd2 60. Be6 Re2+ 61. Kf5 Re5+ 62. Kf6 a3 63. Rb1 Re2 64. Rb5 Rb2 65. Rf5+ Ke3 66. Ke7 Kd4 67. Rd5+ Kc3 68. Ra5 Rb7+ 69.
Kf6 Kb2 70. Kf5 Be1 71. Re5 Bc3 72. Re2+ Kb1 73. Bd5 Rh7 74. Be4+ Ka1 75. Rc2 1-0

[Event "Early-Titled-Tuesday-Blitz-April-16-2024"]
[Site "Chess.com"]
[Date "2024.04.16"]
[Round "5"]
[White "NajdorfPlayerc5"]
[Black "Orest_Vovk"]
[Result "1-0"]
[WhiteElo "2401"]
[BlackElo "2564"]
[TimeControl "180+1"]
[EndTime "8:58:25 PDT"]
[Termination "NajdorfPlayerc5 won by checkmate"]

1. d4 Nc6 2. e4 e5 3. dxe5 Nxe5 4. Nf3 d6 5. Nxe5 dxe5 6. Qxd8+ Kxd8 7. Bc4 f6 8. O-O Bd6 9. Be3 Ke7 10. Nc3 c6 11.
a4 Be6 12. Bd3 Kf7 13. Rad1 Bc7 14. g3 Ne7 15. f4 a5 16. f5 Bc8 17. Bc4+ Ke8 18.
Bc5 b6 19. Ba3 Ba6 20. Bxa6 Rxa6 21. Bd6 Ra7 22. Bxc7 Rxc7 23. Rd6 Rd7 24. Rfd1 Rxd6 25. Rxd6 h5 26. h4 Kf7 27. Rd7 Rb8 28. Ra7 Rd8 29.
Rb7 Rd2 30. Rxb6 Rxc2 31. Rb7 Ke8 32. Kf1 Kd8 33. Ne2 c5 34. Ke1 Nc6 35. Kd1 Rc4 36. Nc3 Nb4 37. Rxg7 Nd3 38. Kc2 Nf2 39. Kb3 Rb4+ 40. Kc2 Nxe4 41. Rg8+ Kd7 42. Nd5 Rd4 43. Ne3 Rd2+ 44. Kc1 Rd3 45. Nc4 Rxg3 46. Rh8 Nd6 47. Rh7+ Kc6 48. Nxa5+ Kd5 49. Rd7 e4 50. Nb7 Kc6 51.
Rxd6+ Kxb7 52. Rxf6 Rg4 53. Rf7+ Kb6 54. f6 Rxh4 55.
Rf8 Rf4 56. f7 Kb7 57. a5 h4 58. Kd2 h3 59. Ke3 Rf1 60. a6+ Ka7 61. Kxe4 h2 62.
Rh8 Rxf7 63. Rxh2 Kxa6 64. Kd5 Kb5 65. Rh3 Rd7+ 66. Ke6 Rd4 67. Ke5 Rb4 68. b3 Rd4 69. Re3 Kb4 70. Rf3 Rd8 71. Rh3 Rd1 72. Rg3 Rd8 73. Rh3 Rd2 74. Rg3 Rb2 75. Kd5 Kb5 76. Rc3 Rd2+ 77. Ke5 Rd4 78. Re3 Kc6 79. Rh3 Rd1 80.
Rc3 Re1+ 81. Kf4 Kb5 82. Rc4 Rb1 83. Rc3 Kb4 84. Rc4+ Kb5 85. Rc3 Re1 86. Kf3 Re8 87.
Kf4 Rc8 88. Ke4 Kb4 89. Kd3 Rd8+ 90. Kc2 Rd4 91. Rh3 Rg4 92. Rh2 Ka3 93. Kc3 Rb4 94. Rb2 Rb8 95. Rb1 Ka2 96. Kc2 Rd8 97. Rh1 Ka3 98. Rh4 Rd5 99. Ra4# 1-0

[Event "Early-Titled-Tuesday-Blitz-April-16-2024"]
[Site "Chess.com"]
[Date "2024.04.16"]
[Round "5"]
[White "Mackster23"]
[Black "bobo_panda"]
[Result "1-0"]
[WhiteElo "2564"]
[BlackElo "2356"]
[TimeControl "180+1"]
[EndTime "8:58:46 PDT"]
[Termination "Mackster23 won by checkmate"]

1. e4 c5 2. Nf3 d6 3. d4 cxd4 4. Nxd4 Nf6 5. Nc3 a6 6. Be3 e5 7. Nb3 Be7 8. Be2 Be6 9. O-O Nbd7 10. a4 O-O 11. a5 Rc8 12. Bf3 Qc7 13. Re1 Rfd8 14.
Nd2 Nc5 15. Nf1 Qc6 16. Bg5 Ncd7 17. Ne3 h6 18. Bxf6 Nxf6 19. Ned5 Bxd5 20. exd5 Qc5 21.
Re2 Rf8 22. Qd2 Bd8 23. Nd1 Nd7 24. b4 Qc4 25. Ne3 Qc3 26. Rb1 f5 27. Rb3 Qxd2 28.
Rxd2 f4 29. Nd1 Nf6 30. g3 g5 31. Be2 e4 32. c4 Nd7 33. gxf4 gxf4 34. Rh3 Bg5 35. Rd4 Nf6 36. Nc3 Rfe8 37. f3 exf3 38. Rxf3 Re5 39. Kf1 Rf8 40. c5 Rd8 41. c6 Rb8 42.
cxb7 Rxb7 43. Bxa6 Rc7 44. Bc4 Ng4 45. Kg1 Re1+ 46.
Rf1 Rxf1+ 47. Kxf1 Ne3+ 48. Ke2 Nxc4 49. Nb5 Re7+ 50.
Kf2 Ne5 51. Nxd6 Ng4+ 52. Kg2 h5 53. h3 Re2+ 54. Kf1 Rf2+ 55. Ke1 Bh4 56. hxg4 hxg4 57.
Ne4 Ra2+ 58. Kd1 f3 59. d6 f2 60. Nxf2 Bxf2 61. d7 Bxd4 62. d8=Q+ Kf7 63. Qxd4 Kg6 64.
Qd6+ Kh5 65. Qd5+ Kh4 66. Qxa2 g3 67. Qg2 Kg4 68. a6 Kf4 69. a7 Kg4 70. b5 Kf4 71. b6 Ke5 72. b7 Kd6 73. Qxg3+ Kc5 74. Qc7+ Kd4 75. b8=N Ke4 76. a8=B+ Kd4 77. Bf3 Ke3 78.
Be2 Kd4 79. Nc6+ Ke4 80. Qe7+ Kd5 81. Nb4+ Kd4 82. Nc2+ Kc3 83. Qe5+ Kb3 84. Qb2+ Kxb2 85. Kd2 Kb3 86. Kd3 Kb2 87. Nd4 Ka3 88. Kc3 Ka4 89.
Nb3 Ka3 90. Bd3 Ka2 91. Bc2 Ka3 92. Bb1 Ka4 93. Nd4 Ka3 94. Nb5+ Ka4 95. Kc4 Ka5 96. Kc5 Ka6 97. Be4 Ka5 98. Bd5 Ka4 99. Bc4 Ka5 100. Bb3 Ka6 101. Nd6 Ka7 102. Kc6 Kb8 103. Kb6 Ka8 104. Nb5 Kb8 105. Be6 Ka8 106. Bc8 Kb8 107. Ba6 Ka8 108. Nc7+ Kb8 109. Nd5 Ka8 110. Ne7 Kb8 111. Bc8 Ka8 112. Bb7+ Kb8 113. Nc6# 1-0

[Event "Early-Titled-Tuesday-Blitz-April-16-2024"]
[Site "Chess.com"]
[Date "2024.04.16"]
[Round "5"]
[White "PositionalPanther"]
[Black "Abund"]
[Result "0-1"]
[WhiteElo "2519"]
[BlackElo "2806"]
[TimeControl "180+1"]
[EndTime "9:00:36 PDT"]
[Termination "Abund won on time"]

1. Nf3 d5 2. g3 c5 3. Bg2 Nc6 4. d4 Nf6 5. O-O e6 6. c4 dxc4 7. dxc5 Qxd1 8. Rxd1 Bxc5 9. Nbd2 c3 10. bxc3 O-O 11.
Nb3 Be7 12. Nfd4 Nxd4 13. cxd4 Nd5 14. e4 Nc3 15. Re1 b6 16. Bd2 Na4 17. Rac1 Ba6 18.
d5 Rac8 19. dxe6 fxe6 20. Bh3 Kf7 21. Nd4 Rxc1 22. Bxe6+ Ke8 23. Rxc1 Bc5 24. Be3 Nb2 25. Nf5 g6 26. Bxc5 bxc5 27. Ne3 Rxf2 28. Rxc5 Re2 29.
Ra5 Bd3 30. Nd5 a6 31. Rc5 Kf8 32. Rc8+ Kg7 33. Rc7+ Kh6 34. Nf6 Bxe4 35. Rxh7+ Kg5 36. Nxe4+ Rxe4 37. Bb3 Nd3 38. Kg2 Ne1+ 39. Kf2 Nd3+ 40. Kf3 Re1 41. Ra7 Ne5+ 42. Kf2 Nd3+ 43. Kf3 Ne5+ 44.
Kg2 Re2+ 45. Kf1 Rxh2 46. Rxa6 Nf3 47. Bd5 Nd2+ 48. Ke1 Kf5 49. Ra4 g5 50. Rd4 Nb1 51. a4 Ke5 52. Rd3 Rb2 53. a5 Rb5 54. a6 Ra5 55. Rb3 Na3 56. Bb7 Nc4 57. Rc3 Kd4 58. Rf3 Ne3 59. Rf8 Kd3 60. Rd8+ Kc3 61. Ke2 Nc4 62.
Kf3 Ne5+ 63. Kg2 Nc4 64. Kh3 Ne3 65. Rc8+ Kd4 66. Rd8+ Ke5 67. Re8+ Kd4 68. Re6 Nf5 69. g4 Ne3 70. Rd6+ Ke5 71. Rg6 Kf4 72. Rf6+ Ke5 73. Rb6 Ra3 74. Kh2 Kf4 75. Rb4+ Ke5 76. Bc8 Nd5 77. Rb5 Kd4 78. Rb1 Nf4 79. Rd1+ Ke3 80. Re1+ Kf3 81. Rf1+ Ke2 82. Rb1 Kf3 83. Kg1 Kg3 84. Kf1 Rf3+ 85. Ke1 Ra3 86. Kd1 Nd5 87.
Kc2 Ra2+ 88. Kd3 Ra4 89. Rb3 Kf4 90. Kc2 Ke5 91. Rb8 Kd4 92. Kd2 Nb4 93. Kc1 Nxa6 94.
Bxa6 Rxa6 95. Rg8 Ra5 96. Kd2 Ke4 97. Rf8 Ra2+ 98. Ke1 Rg2 99. Re8+ Kf4 100. Ra8 Rb2 101. Kf1 Kxg4 102. Kg1 Kh3 103. Ra3+ Kh4 104. Ra4+ g4 105. Ra8 Kh3 106. Rh8+ Kg3 107. Kf1 Rb1+ 108. Ke2 Rb7 109. Rg8 Rb3 110. Kf1 Rb1+ 111. Ke2 Rg1 112. Rg7 Kh2 113. Rh7+ Kg2 114. Rg7 g3 115. Rg8 Ra1 116. Rg7 Ra2+ 117. Ke1 Ra1+ 118. Ke2 Ra3 119. Ke1 Kg1 120. Ke2 g2 121. Ke1 Ra1+ 122. Ke2 Ra6 123. Rg8 Re6+ 124. Kd2 Re4 125. Kd3 Rh4 126. Ke2 Kh2 127. Kf2 Rf4+ 128. Ke3 Rf5 129. Rh8+ Kg3 130. Rg8+ Kh3 131. Rh8+ Kg3 132. Rg8+ Kh2 133. Rh8+ Kg1 134. Rg8 Rf7 135. Ke2 Rh7 136. Rg6 Kh1 0-1

[Event "Early-Titled-Tuesday-Blitz-April-16-2024"]
[Site "Chess.com"]
[Date "2024.04.16"]
[Round "6"]
[White "Lion-Al-Messi"]
[Black "ProtectiveCarrot"]
[Result "1-0"]
[WhiteElo "2581"]
[BlackElo "2315"]
[TimeControl "180+1"]
[EndTime "9:02:51 PDT"]
[Termination "Lion-Al-Messi won by resignation"]

1. e4 c6 2. Nf3 d5 3. Nc3 dxe4 4. Nxe4 Nf6 5. Nxf6+ exf6 6. Bc4 Bd6 7. Qe2+ Qe7 8. Qxe7+ Kxe7 9. O-O Be6 10. Re1 Kd7 11. Be2 a5 12. d4 a4 13. c4 a3 14. b3 Bb4 15. Bd2 Na6 16. d5 cxd5 17. cxd5 Bxd5 18. Bxa6 Bxd2 19. Bb5+ 1-0

[Event "Early-Titled-Tuesday-Blitz-April-16-2024"]
[Site "Chess.com"]
[Date "2024.04.16"]
[Round "6"]
[White "ajeale2"]
[Black "SmirnovTimofey2000"]
[Result "1-0"]
[WhiteElo "2431"]
[BlackElo "1977"]
[TimeControl "180+1"]
[EndTime "9:03:14 PDT"]
[Termination "ajeale2 won by resignation"]

1. d4 d5 2. Bf4 Bf5 3. e3 e6 4.
Nf3 Nf6 5. Ne5 Be7 6. g4 Bg6 7. h4 h5 8. Nxg6 fxg6 9. g5 Ne4 10. Bd3 O-O 11. f3 Nd6 12. Bxg6 Nc4 13. b3 Nxe3 14. Bxe3 Rxf3 15. Qxf3 1-0

[Event "Early-Titled-Tuesday-Blitz-April-16-2024"]
[Site "Chess.com"]
[Date "2024.04.16"]
[Round "6"]
[White "FREDERICKtheMATE"]
[Black "nickmatta"]
[Result "1-0"]
[WhiteElo "2695"]
[BlackElo "2551"]
[TimeControl "180+1"]
[EndTime "9:03:17 PDT"]
[Termination "FREDERICKtheMATE won by resignation"]

1. d4 d5 2. c4 c6 3. Nc3 Nf6 4. e3 Bf5 5. Qb3 Qb6 6. c5 Qxb3 7. axb3 e6 8. b4 Be7 9. f4 O-O 10. Nf3 h6 11. Bd2 Nbd7 12. b5 cxb5 13. Bxb5 Rfc8 14. Ne5 Nxe5 15. fxe5 Ne4 16. b4 b6 17. Ba6 Rc7 18.
Nb5 Rd7 19. c6 Rdd8 20. c7 Nxd2 21. cxd8=Q+ Rxd8 22.
Kxd2 Bxb4+ 23. Ke2 Bg4+ 1-0

[Event "Early-Titled-Tuesday-Blitz-April-16-2024"]
[Site "Chess.com"]
[Date "2024.04.16"]
[Round "6"]
[White "djano"]
[Black "ReinisUz"]
[Result "1-0"]
[WhiteElo "2607"]
[BlackElo "2371"]
[TimeControl "180+1"]
[EndTime "9:03:18 PDT"]
[Termination "djano won by resignation"]

1. e4 e5 2. Nf3 Nc6 3. d4 exd4 4. Bc4 Nf6 5. O-O Bc5 6. e5 d5 7. exf6 dxc4 8. fxg7 Rg8 9. Bg5 Qd5 10. Nc3 Qf5 11.
Ne4 Be7 12. Bxe7 Nxe7 13. Qxd4 Nd5 14. Qxd5 1-0

[Event "Early-Titled-Tuesday-Blitz-April-16-2024"]
[Site "Chess.com"]
[Date "2024.04.16"]
[Round "6"]
[White "LastHeroJr"]
[Black "arenal72"]
[Result "0-1"]
[WhiteElo "2479"]
[BlackElo "2623"]
[TimeControl "180+1"]
[EndTime "9:03:44 PDT"]
[Termination "arenal72 won by resignation"]

1. e4 e6 2. d4 d5 3. exd5 exd5 4. Nf3 Bd6 5. Bd3 Nc6 6. O-O Nge7 7. c3 Bg4 8. Bg5 f6 9. Bh4 Qd7 10. Nbd2 O-O-O 11.
Qa4 g5 12. Bg3 h5 13. Rfe1 h4 14. Bxd6 Qxd6 15. b4 Bxf3 16. Nxf3 g4 17. Nd2 g3 18.
fxg3 hxg3 19. h3 Qf4 20. Re2 Nxd4 21. Rxe7 Qf2+ 22. Kh1 Rxh3+ 0-1

[Event "Early-Titled-Tuesday-Blitz-April-16-2024"]
[Site "Chess.com"]
[Date "2024.04.16"]
[Round "6"]
[White "Heinza9"]
[Black "Aminazinas"]
[Result "1-0"]
[WhiteElo "2332"]
[BlackElo "2523"]
[TimeControl "180+1"]
[EndTime "9:03:48 PDT"]
[Termination "Heinza9 won by resignation"]

1. e4 e5 2. Nf3 Nc6 3. Nc3 Nf6 4. d4 exd4 5. Nd5 Nxd5 6. exd5 Qe7+ 7. Be2 Nb4 8. c4 dxc3 9. bxc3 Na6 10. O-O Qd6 11. Re1 Be7 12. Bxa6 bxa6 13. Qe2 Kd8 14. Bf4 Qc5 15.
Ne5 Rf8 16. Rad1 Bb7 17. d6 cxd6 18. Nxd7 Kxd7 19. Qxe7+ Kc6 20. Rxd6+ Kb5 21. Qxb7+ 1-0